 Dungeon Sprint DCSS version 0.27-a0-1228-gfd60fd639a (webtiles) character file.

Game seed: 12094716088618123303

487 night the Cleaver (level 6, 0/44 HPs)
             Began as a Demonspawn Gladiator on June 7, 2021.
             Was an Initiate of Gozag.
             Slain by a two-headed ogre
             ... wielding a +0 giant spiked club
              (9 damage)
             ... in the Dungeon (Sprint IX: "|||||||||||||||||||||||||||||").
             The game lasted 00:01:50 (498 turns).

night the Cleaver (Demonspawn Gladiator)             Turns: 498, Time: 00:01:51

Health: 0/44       AC: 10    Str: 17    XL:     6   Next: 89%
Magic:  6/6        EV: 10    Int: 14    God:    Gozag
Gold:   0          SH:  4    Dex: 15    Spells: 5/5 levels left

rFire    . . .     SeeInvis .   m - +3 war axe (freeze)
rCold    . . .     Faith    .   (no shield)
rNeg     . . .     Spirit   .   o - +1 scale mail
rPois    .         Reflect  .   c - +0 helmet
rElec    .         Harm     .   n - +0 cloak
rCorr    .         Rampage  .   (no gloves)
Will     .....     NoTele   +   a - +0 pair of boots
Stlth    ..........             (no amulet)
HPRegen  0.14/turn              p - +3 ring of strength
MPRegen  0.10/turn              q - +3 ring of intelligence

@: gold aura, hasted, very quick
A: talons 1, condensation shield
a: Renounce Religion, Potion Petition, Call Merchant, Bribe Branch


You were in the Dungeon.
You worshipped Gozag.
Gozag was noncommittal.
You visited 1 branch

Inventory:

Hand Weapons
 m - a +3 war axe of freezing (weapon)
Missiles
 d - 3 throwing nets (quivered)
Armour
 a - a +0 pair of boots (worn)
 b - a +0 leather armour
 c - a +0 helmet (worn)
 n - a +0 cloak (worn)
 o - a +1 scale mail (worn)
Jewellery
 p - a +3 ring of strength (left hand)
 q - a +3 ring of intelligence (right hand)
Wands
 l - a wand of acid (10)
Scrolls
 j - 2 scrolls of blinking
 k - 2 scrolls of amnesia
Potions
 e - 5 potions of curing
 f - 2 potions of heal wounds
 h - 4 potions of magic
 i - a potion of invisibility


   Skills:
 - Level 2.0 Fighting
 + Level 13.3 Axes
 - Level 1.7 Throwing
 - Level 2.6 Dodging


You had 5 spell levels left.
You didn't know any spells.
Your spell library was empty.

Dungeon Overview and Level Annotations

Branches:
Dungeon (1/1)

Altars:
Cheibriados
Dithmenos
Elyvilon
Fedhas
Gozag
Hepliaklqana
Kikubaaqudgha
Makhleb
Nemelex Xobeh
Okawaru
Qazlal
Ru
Sif Muna
Trog
Uskayaw
Vehumet
Wu Jian
Xom
Yredelemnul
Zin
The Shining One
Beogh
Jiyva
Lugonu


Innate Abilities, Weirdness & Mutations

You have sharp toenails.
A meltable shield of frost defends you. (SH +4)


Message History

You slash the wraith!
You destroy the wraith!
Your Axes skill gained 2 levels and is now at level 11!
You have reached level 5!
You slash the troll! You freeze the troll.
The troll is heavily wounded.
The troll bites you! The troll claws you but does no damage.
The troll barely misses you.
You slash the troll! You freeze the troll.
The troll is severely wounded.
You slash the troll! You freeze the troll.
The troll is almost dead.
The two-headed ogre is distracted by your dazzling golden aura, dreaming of imaginary riches.
The troll is distracted by your dazzling golden aura, dreaming of imaginary riches.
You hit the troll. You freeze the troll.
You kill the troll!
Your Axes skill gained 2 levels and is now at level 13!
You have reached level 6!
Your experience leads to an increase in your attributes!
Your base attributes are Str 14, Int 10, Dex 15.
Increase (S)trength, (I)ntelligence, or (D)exterity?
You feel clever.
You feel much better.
The two-headed ogre is no longer distracted by gold.
There is an open door to the Dungeon, spattered with blood here.
You see here 216 gold pieces.
You hear a shout!
You hit the two-headed ogre. You freeze the two-headed ogre.
The two-headed ogre is lightly wounded.
The two-headed ogre hits you with a +0 giant spiked club!
The two-headed ogre closely misses you.
You slash the two-headed ogre! You freeze the two-headed ogre.
The two-headed ogre is moderately wounded.
You slash the two-headed ogre! You freeze the two-headed ogre.
The two-headed ogre is heavily wounded.
The two-headed ogre hits you with a +0 giant spiked club!
* * * LOW HITPOINT WARNING * * *
The two-headed ogre hits you with a +0 giant club!
You die...
Your body crumbles into a pile of gold.

▓+▓
▓.▓
$
▓.▓
$
▓.▓
$ $
▓Y▓
$
▓{▓
$ $
▓O▓
▓@▓
$ $
▓.▓
$
▓.▓
$
▓.▓
▓.▓
$
▓.▓
▓.▓
$
▓)▓
$
▓.▓
$


You could see a two-headed ogre and a yak.

Vanquished Creatures
  A troll (D)
  A wraith (D)
  A howler monkey (D)
  A jelly (D)
  A hound (D)
  An adder zombie (D)
  2 goblins (D)
  A hobgoblin (D)
  A quokka (D)
  A ball python skeleton (D)
  A bat (D)
  A kobold (D)
13 creatures vanquished.

Notes
Turn   | Place    | Note
-------+----------+-------------------------------------------
     0 | D        | night the Demonspawn Gladiator began the quest for the Orb.
     0 | D        | Reached XP level 1. HP: 16/16 MP: 1/1
     9 | D        | Reached skill level 3 in Axes
    16 | D        | Reached skill level 4 in Axes
   165 | D        | Noticed a jelly
   165 | D        | Noticed a hound
   177 | D        | Killed a hound
   178 | D        | Reached skill level 6 in Axes
   178 | D        | Gained mutation: A meltable shield of frost defends you.
                  | (SH +4) [demonic ancestry]
   178 | D        | Reached XP level 2. HP: 16/22 MP: 2/2
   178 | D        | Reached XP level 3. HP: 19/27 MP: 3/3
   181 | D        | Reached skill level 7 in Axes
   181 | D        | Gained mutation: You have sharp toenails. [demonic
                  | ancestry]
   181 | D        | Reached XP level 4. HP: 16/33 MP: 4/4
   404 | D        | Found a snail-covered altar of Cheibriados.
   404 | D        | Found a shadowy altar of Dithmenos.
   404 | D        | Found a blossoming altar of Fedhas.
   404 | D        | Found an opulent altar of Gozag.
   405 | D        | Found a hazy altar of Hepliaklqana.
   406 | D        | Found a viscous altar of Jiyva.
   407 | D        | Found an ancient bone altar of Kikubaaqudgha.
   408 | D        | Found a corrupted altar of Lugonu.
   409 | D        | Found a burning altar of Makhleb.
   410 | D        | Found a sparkling altar of Nemelex Xobeh.
   411 | D        | Found an iron altar of Okawaru.
   412 | D        | Became a worshipper of Gozag Ym Sagoz the Greedy
   413 | D        | Found a stormy altar of Qazlal.
   414 | D        | Found a sacrificial altar of Ru.
   415 | D        | Found a shimmering blue altar of Sif Muna.
   416 | D        | Found a bloodstained altar of Trog.
   417 | D        | Found a hide-covered altar of Uskayaw.
   418 | D        | Found a radiant altar of Vehumet.
   419 | D        | Found an ornate altar of the Wu Jian Council.
   420 | D        | Found a shimmering altar of Xom.
   421 | D        | Found a basalt altar of Yredelemnul.
   471 | D        | Noticed a yak
   471 | D        | Noticed a two-headed ogre
   471 | D        | Noticed a troll
   471 | D        | Noticed a wraith
   479 | D        | Reached skill level 9 in Axes
   487 | D        | Killed a wraith
   488 | D        | Reached skill level 11 in Axes
   488 | D        | Reached XP level 5. HP: 29/38 MP: 5/5
   491 | D        | Killed a troll
   492 | D        | Reached skill level 13 in Axes
   492 | D        | Reached XP level 6. HP: 17/44 MP: 6/6
   498 | D        | Slain by a two-headed ogre

Illustrated notes

Levels and vault maps discovered:
D:        linesprint [early_d, line_temple, items_1, d_10, items_2, lair_1,
          lair_end, items_3, orc_1, orc_end, items_4, d_15, swamp_1, shoals_1,
          snake_1, spider_1, d_20, vaults_1, items_5, swamp_end, shoals_end,
          snake_end, spider_end, vaults_end, d_27, items_6, zot_1, zot_end,
          crypt_end, forest_end, elf_end, slime_end, tomb_end, abyss_end,
          pan_hell_end]

Skill      XL: |  1  2  3  4  5 |
---------------+----------------+-----
Axes           | 6 7 11 13 | 13.3
Fighting       | |  2.0
Throwing       | |  1.7
Dodging        | |  2.6

Action                   |  1- 3 |  4- 6 || total
-------------------------+-------+-------++-------
Melee: War axe           |    27 |    27 ||    54
       Kick              |       |     1 ||     1
  Use: Potion            |     1 |     2 ||     3
Armor: Leather armour    |     8 |       ||     8
       Scale mail        |       |     3 ||     3
Dodge: Dodged            |    17 |    11 ||    28
Block: Other             |       |     2 ||     2

Table legend: (Time is in decaauts)
 A = Elapsed time spent in this place.
 B = Non-inter-level travel time spent in this place.
 C = Inter-level travel time spent in this place.
 D = Time resting spent in this place.
 E = Time spent auto-exploring this place.
 F = Levels seen in this place.
 G = Mean time per level.
                   A        B        C        D        E       F      G
               +--------+--------+--------+--------+--------+-----+--------+
         Total |    504 |    504 |      0 |    360 |      3 |   1 |  504.0 |
       Dungeon |    504 |    504 |      0 |    360 |      3 |   1 |  504.0 |
               +--------+--------+--------+--------+--------+-----+--------+

Top non-repeatable levels by time:
       D: 504 daAuts
